 Dungeon Sprint DCSS version 0.19.1 (webtiles) character file.

1229 KingBobo974 the Protected (level 8, 0/46 HPs)
             Began as a Gargoyle Berserker on Dec 13, 2016.
             Was a Priest of Trog.
             Slain by a centaur warrior (8 damage)
             ... in the Dungeon (Sprint I: "Red Sonja").
             The game lasted 00:04:11 (1234 turns).

KingBobo974 the Protected (Gargoyle Berserker)      Turns: 1234, Time: 00:04:12

Health: 0/46       AC: 14    Str: 23    XL:     8   Next: 48%
Magic:  8/8        EV: 10    Int:  8    God:    Trog [***...]
Gold:   294        SH:  0    Dex:  9    Spells: 0 memorised, 7 levels left

rFire  . . .     SeeInvis .     a - +0 mace
rCold  . . .     Gourm    .     l - +0 scale mail
rNeg   + . .     Faith    .     (no shield)
rPois  ∞         Spirit   .     (no helmet)
rElec  +         Reflect  .     (no cloak)
rCorr  .         Harm     .     (no gloves)
MR     .....     NoTele   +     (no boots)
Stlth  ..........               (no amulet)
                                (no ring)
                                (no ring)

@: no status effects
A: negative energy resistance 1, electricity resistance, unbreathing,
petrification resistance, rot immunity, AC +5
a: Berserk, Trog's Hand, Burn Spellbooks, Renounce Religion


You were in the Dungeon.
You worshipped Trog.
Trog was most pleased with you.
You were not hungry.

You visited 1 branch You collected 414 gold pieces.
You spent 120 gold pieces at shops.

Inventory:

Hand Weapons
 a - a +0 mace (weapon)
 c - a +2 scythe of protection
Missiles
 n - 2 javelins of penetration (quivered)
Armour
 b - a +0 animal skin
 j - a +0 leather armour
 l - a +0 scale mail (worn)
Scrolls
 i - a scroll of blinking
 k - a scroll of remove curse {unknown}
Potions
 d - a potion of curing
 f - a potion of haste
 g - 2 potions of magic
 h - a potion of berserk rage
Comestibles
 m - a meat ration


   Skills:
 - Level 3.2 Fighting
 * Level 12.9 Maces & Flails
 * Level 13.7 Armour
 - Level 1.5 Dodging


You had 7 spell levels left.
You didn't know any spells.

Dungeon Overview and Level Annotations

Branches:
Dungeon (1/1)

Altars:
Cheibriados
Dithmenos
Elyvilon
Fedhas
Gozag
Hepliaklqana
Kikubaaqudgha
Makhleb
Nemelex Xobeh
Okawaru
Qazlal
Ru
Sif Muna
Trog
Uskayaw
Vehumet
Xom
Yredelemnul
Zin
The Shining One
Jiyva
Lugonu

Shops:
D %


Innate Abilities, Weirdness & Mutations

You are resistant to torment.
Your stone body is resilient. (AC +5)
You are immune to poison.
You resist negative energy. (rN+)
You are resistant to electric shocks. (rElec)
You can survive without breathing.
You are immune to petrification.
You are immune to rotting.


Message History

The centaur warrior hits you.
* * * LOW HITPOINT WARNING * * *
You feel much better.
The centaur warrior hits you but does no damage. x3
The centaur warrior closely misses you.
You hit the centaur warrior.
The centaur warrior is heavily wounded.
The centaur warrior hits you but does no damage.
The centaur warrior completely misses you.
You hit the centaur warrior but do no damage.
The centaur warrior is heavily wounded.
The centaur warrior hits you but does no damage. x2
Your unstable footing causes you to fumble your attack.
The centaur warrior hits you but does no damage. x2
You hit the centaur warrior.
The centaur warrior is heavily wounded.
The centaur warrior hits you. The centaur warrior hits you!
* * * LOW HITPOINT WARNING * * *
The centaur warrior hits you!
You die...

#########################
<.#..)..#..'..#__#..)...#
..'÷.#..'[.#..'..'.)#...#
..#####'#####'#__####...+
..####..#...#.####§§#####
..#__####..##.#§@c§(#
..#_____##'#§§'§§c§§+
⌠⌠#_.∩...'...§#§§§§§#
###_..__##_.#'##+####
#_____###+#.# ####### ###


You could see 2 centaur warriors.

Vanquished Creatures
  2 kobold demonologists (D)
  A slime creature (D)
  Sigmund (D)
  A yak (D)
  A floating eye (D)
  An ogre (D)
  A jelly (D)
  Ijyb (D)
9 creatures vanquished.

Vanquished Creatures (others)
  A gargoyle (D)
1 creature vanquished.

Grand Total: 10 creatures vanquished

Notes
Turn   | Place    | Note
-------+----------+-------------------------------------------
     0 | D        | KingBobo974 the Gargoyle Berserker began the quest for the Orb.
     0 | D        | Reached XP level 1. HP: 14/14 MP: 1/1
     2 | D        | Noticed Ijyb
    13 | D        | Killed Ijyb
    13 | D        | Reached skill level 5 in Maces & Flails
    13 | D        | Reached skill level 5 in Armour
    13 | D        | Reached XP level 2. HP: 15/19 MP: 2/2
    13 | D        | Reached XP level 3. HP: 19/23 MP: 3/3
    28 | D        | Noticed an ogre
    39 | D        | Killed an ogre
    39 | D        | Reached skill level 7 in Armour
    39 | D        | Reached XP level 4. HP: 10/28 MP: 4/4
    39 | D        | Reached XP level 5. HP: 11/32 MP: 5/5
   262 | D        | Noticed Sigmund
   276 | D        | Killed Sigmund
   276 | D        | Reached ** piety under Trog
   276 | D        | Reached skill level 9 in Armour
   276 | D        | Reached XP level 6. HP: 9/37 MP: 6/6
   544 | D        | Found a deep blue altar of Sif Muna.
   546 | D        | Found a radiant altar of Vehumet.
   550 | D        | Reached skill level 10 in Armour
   592 | D        | Found Syopua's Food Emporium.
   592 | D        | Found an ancient bone altar of Kikubaaqudgha.
   592 | D        | Found a hazy altar of Hepliaklqana.
   592 | D        | Found a stormy altar of Qazlal.
   592 | D        | Found a hide-covered altar of Uskayaw.
   592 | D        | Found a blossoming altar of Fedhas.
   592 | D        | Found a bloodstained altar of Trog.
   592 | D        | Found an iron altar of Okawaru.
   592 | D        | Found a basalt altar of Yredelemnul.
   592 | D        | Found a glowing golden altar of the Shining One.
   592 | D        | Found a snail-covered altar of Cheibriados.
   592 | D        | Found a sacrificial altar of Ru.
   592 | D        | Found a glowing silver altar of Zin.
   592 | D        | Found a shadowy altar of Dithmenos.
   592 | D        | Found a white marble altar of Elyvilon.
   592 | D        | Noticed a yak
   602 | D        | HP: 2/55 [yak (6)]
   604 | D        | Killed a yak
   604 | D        | Reached skill level 10 in Maces & Flails
   604 | D        | Reached skill level 11 in Armour
   604 | D        | Reached XP level 7. HP: 2/41 MP: 7/7
   605 | D        | Found an opulent altar of Gozag.
   606 | D        | Found a sparkling altar of Nemelex Xobeh.
   839 | D        | Killed a gargoyle
   895 | D        | Bought a meat ration for 60 gold pieces
   895 | D        | Bought a meat ration for 60 gold pieces
   908 | D        | Found a burning altar of Makhleb.
   908 | D        | Found a viscous altar of Jiyva.
   908 | D        | Found a shimmering altar of Xom.
   908 | D        | Found a corrupted altar of Lugonu.
   908 | D        | Noticed a slime creature
   918 | D        | Killed a slime creature
   918 | D        | Reached *** piety under Trog
   918 | D        | Reached skill level 12 in Armour
  1133 | D        | Noticed a kobold demonologist
  1134 | D        | Noticed a kobold demonologist
  1137 | D        | Noticed an orange demon
  1148 | D        | Noticed an orange demon
  1149 | D        | Killed a kobold demonologist
  1149 | D        | Reached skill level 13 in Armour
  1149 | D        | Reached XP level 8. HP: 46/46 MP: 8/8
  1159 | D        | Killed a kobold demonologist
  1159 | D        | Received a gift from Trog
  1211 | D        | Noticed a centaur warrior
  1214 | D        | Noticed a centaur warrior
  1234 | D        | Slain by a centaur warrior

Skill      XL: |  1  2  3  4  5  6  7 |
---------------+----------------------+-----
Maces & Flails | 5 7 9 10 12 | 12.9
Armour         | 5 7 9 11 13 | 13.7
Fighting       | |  3.2
Dodging        | |  1.5

Action                   |  1- 3 |  4- 6 |  7- 9 || total
-------------------------+-------+-------+-------++-------
Melee: Mace              |    20 |    23 |    48 ||    91
Throw: Javelin           |       |       |     3 ||     3
Invok: Berserk           |     1 |     2 |     2 ||     5
       Trog's Hand       |       |       |     1 ||     1
  Use: Potion            |       |       |     1 ||     1
  Eat: Bread ration      |       |     1 |       ||     1
       Meat ration       |       |       |     1 ||     1
Armor: Animal skin       |     1 |       |       ||     1
       Leather armour    |       |     1 |       ||     1
       Scale mail        |       |       |    34 ||    34
Dodge: Dodged            |    10 |     7 |    16 ||    33
